Map: Acropolis LE

Players

Mez

  • Race: Terran Terran
  • League: Master
  • Spawn Location: 11:00

A.I. 1 (Very Easy) - Winner!

  • Race: Terran Terran
  • Spawn Location: 5:00

VOD

Have the link to the VOD?

Description

Time

  • Played on: Aug. 26, 2019, 6:48 p.m.
  • Length: 7:11
Show
View Real Time Build Order
Export as new Build Order

Mez Terran 

Build Orders: Liberator Opening, Reaper Expand 

Get SALT Encoding   

  12  0:01  SCV  
  13  0:13  SCV  
  14  0:17  Supply Depot  
  14  0:25  SCV  
  15  0:39  SCV  
  15  0:40  Barracks  
  16  0:45  Refinery  
  16  0:51  SCV  
  17  1:03  SCV  
  18  1:15  SCV  
  19  1:29  Orbital Command, Reaper  
  20  1:40  Command Center  
  20  1:48  Supply Depot  
  20  1:55  SCV  
  20  2:00  Marine  
  22  2:07  SCV  
  23  2:11  Factory  
  23  2:16  Refinery  
  23  2:19  SCV  
  24  2:24  Barracks Reactor  
  24  2:31  SCV  
  25  2:43  SCV  
  26  2:53  Orbital Command  
  26  2:56  SCV  
  26  2:58  Starport  
  27  3:04  Hellion x2  
  31  3:08  Barracks Tech Lab  
  31  3:10  SCV  
  31  3:12  Supply Depot  
  32  3:19  Liberator, SCV  
  33  3:22  SCV  
  33  3:25  Hellion  
  33  3:26  Hellion  
  38  3:31  SCV  
  40  3:34  SCV  
  40  3:41  Marine  
  44  3:47  Hellion x2  
  48  3:49  SCV x2  
  48  3:54  Supply Depot  
  50  3:56  Stimpack  
  50  4:00  Marine  
  50  4:02  SCV x2  
  53  4:16  SCV x2  
  55  4:21  Command Center  
  55  4:28  SCV x2  
  57  4:31  Barracks  
  57  4:36  Starport Reactor  
  57  4:37  Barracks, Factory Reactor  
  57  4:38  Marine  
  57  4:42  SCV  
  57  4:43  Supply Depot  
  57  4:44  SCV  
  60  4:54  SCV  
  60  4:57  SCV  
  60  4:59  Engineering Bay  
  62  5:00  Engineering Bay  
  62  5:02  Refinery  
  62  5:03  Refinery  
  62  5:04  Marine  
  62  5:06  SCV  
  64  5:08  Supply Depot  
  64  5:09  SCV  
  65  5:18  Medivac x2  
  69  5:21  SCV  
  69  5:23  Factory Tech Lab  
  70  5:30  Marine x5  
  70  5:34  SCV x2  
  70  5:35  Orbital Command  
  80  5:42  Siege Tank  
  80  5:46  Supply Depot  
  80  5:50  Marine x3  
  80  5:51  Marine  
  80  5:52  Marine  
  80  5:55  Orbital Command  
  85  5:58  SCV x2  
  85  6:03  Supply Depot  
  87  6:12  Armory  
  87  6:15  Marine x5  
  87  6:17  Supply Depot  
  92  6:21  SCV x3  
  95  6:36  SCV x3  
  95  6:37  Marine x5  
  106  6:41  Medivac x2  
  110  6:47  Supply Depot  
  110  6:48  SCV x2  
  110  6:50  Supply Depot  
  110  6:51  SCV  
Show
View Real Time Build Order
Export as new Build Order

A.I. 1 (Very Easy) Terran - Winner!

Build Orders:  

Get SALT Encoding   

  12  0:00  SCV  
  13  0:13  SCV  
  14  0:17  Supply Depot  
  14  0:37  Refinery  
  14  0:42  Barracks  
  14  1:03  Supply Depot  
  14  1:12  Refinery  
  14  1:30  Marine, Orbital Command  
  15  1:49  Barracks Tech Lab  
  15  1:55  SCV  
  16  2:07  SCV  
  17  2:11  Marine  
  18  2:19  SCV  
  19  2:32  SCV  
  20  2:44  SCV  
  21  2:53  Marauder  
  21  2:56  SCV  
  24  4:18  SCV  
  24  5:02  Marine, SCV  
  24  5:06  Supply Depot  
  23  5:31  Marine  
  24  6:00  Marauder  
  26  6:23  SCV  
  26  6:25  Factory  
  27  6:27  Supply Depot  
  27  6:29  Marine  
  28  6:35  SCV  
  28  6:38  Command Center  
  28  6:47  SCV  
  31  7:11  Starport  
Tags
 
Add a new tag
Caveats
  • Supply blocks, unpowered buildings, or Contaminate may cause inaccurate times.
  • Supply counts are checked every 10 seconds.